 Dungeon Crawl Stone Soup version 0.26-a0-966-gd078a86f14 (console) character file.

Game seed: 6186675247409120241

2 Ignak the Ogre Mage (level 1, 0/16 HPs)
             Began as an Ogre Hedge Wizard on Dec 3, 2020.
             Slain by an ooze (3 damage)
             ... on level 1 of the Dungeon.
             The game lasted 00:00:10 (25 turns).

Ignak the Ogre Mage (Ogre Hedge Wizard)               Turns: 25, Time: 00:00:11

Health: 0/16       AC:  3    Str: 13    XL:     1   Next: 40%
Magic:  1/5        EV: 10    Int: 15    God:
Gold:   3          SH:  0    Dex:  8    Spells: 6/7 levels left

rFire    . . .     SeeInvis .   a - +0 dagger
rCold    . . .     Faith    .   (no shield)
rNeg     . . .     Spirit   .   b - +0 robe
rPois    .         Reflect  .   c - +0 hat
rElec    .         Harm     .   (no cloak)
rCorr    .         Rampage  .   (gloves unavailable)
MR       .....                  (boots unavailable)
Stlth    +.........             (no amulet)
HPRegen  0.05/turn              (no ring)
MPRegen  0.09/turn              (no ring)

@: no status effects
A: large, unfitting armour, tough skin 1
a: no special abilities


You were on level 1 of the Dungeon.
You visited 1 branch of the dungeon, and saw 1 of its levels.

You collected 3 gold pieces.

Inventory:

Hand Weapons
 a - a +0 dagger (weapon)
Armour
 b - a +0 robe (worn)
 c - a +0 hat (worn)
Potions
 d - a potion of brilliance {unknown}


   Skills:
 + Level 1.7 Dodging
 + Level 1.5 Stealth
 + Level 3.7 Spellcasting
 + Level 0.8 Conjurations
 + Level 0.8 Summonings
 + Level 0.8 Translocations


You had 6 spell levels left.
You knew the following spells:

 Your Spells              Type           Power        Failure   Level
a - Magic Dart            Conj           #...         13%         1

Your spell library contained the following spells:

 Spells                   Type           Power        Failure   Level
 Blink                    Tloc           N/A          21%         2
 Call Imp                 Summ           #.......     21%         2
 Slow                     Hex            #.......     28%         2
 Conjure Flame            Conj/Fire      #.......     43%         3
 Mephitic Cloud           Conj/Pois/Air  #.......     45%         3


Dungeon Overview and Level Annotations

Branches:
Dungeon (1/15)

Altars:


Innate Abilities, Weirdness & Mutations

You are too large for most types of armour.
You have tough skin. (AC +1)


Message History

The ooze barely misses you.
Casting: Magic Dart (safe; 13% risk of failure)
Confirm with . or Enter, or press ? or * to list all spells.
Aiming: Magic Dart (safe; 13% risk of failure)
Press: ? - help, Shift-Dir - straight line, f/p - ooze
Aim: an ooze (heavily wounded, 0% to evade)
The magic dart hits the ooze.
The ooze is severely wounded.
The ooze hits you.
* * * LOW HITPOINT WARNING * * *
Casting: Magic Dart (safe; 13% risk of failure)
Confirm with . or Enter, or press ? or * to list all spells.
Aiming: Magic Dart (safe; 13% risk of failure)
Press: ? - help, Shift-Dir - straight line, f/p - ooze
Aim: an ooze (severely wounded, 0% to evade)
The magic dart hits the ooze.
The ooze is almost dead.
The ooze jiggles.
The ooze hits you.
You die...

... #...### ########
... ...!.# .......#
#.# ....# .......#
#.# ##..# ##.......
#.# ##...####.......
##.####....((##.#..#
..<.......##.).)w.#
##.####...##..##J##
#.# ##......##@# #.#
##..##.##.# #.#
....##....# ...
.....#...### ...
..^.##.#.. ... ...
.###


You could see an ooze and a dart slug.

Vanquished Creatures
  2 kobolds (D:1)
2 creatures vanquished.

Notes
Turn   | Place    | Note
-------+----------+-------------------------------------------
     0 | D:1      | Ignak the Ogre Hedge Wizard began the quest for the Orb.
     0 | D:1      | Reached XP level 1. HP: 16/16 MP: 5/5
    25 | D:1      | Slain by an ooze

Illustrated notes

Levels and vault maps discovered:
D:1:      roderic_crossed_star, layout_rooms

Action                   || total
-------------------------++-------
Melee: Dagger            ||     5
 Cast: Magic Dart        ||     4
Armor: Robe              ||     2
Dodge: Dodged            ||     3

Table legend: (Time is in decaauts)
 A = Elapsed time spent in this place.
 B = Non-inter-level travel time spent in this place.
 C = Inter-level travel time spent in this place.
 D = Time resting spent in this place.
 E = Time spent auto-exploring this place.
 F = Levels seen in this place.
 G = Mean time per level.
                   A        B        C        D        E       F      G
               +--------+--------+--------+--------+--------+-----+--------+
         Total |     25 |     25 |      0 |      0 |      2 |   1 |   25.0 |
       Dungeon |     25 |     25 |      0 |      0 |      2 |   1 |   25.0 |
               +--------+--------+--------+--------+--------+-----+--------+

Top non-repeatable levels by time:
     D:1: 25 daAuts
